 Dungeon Crawl Stone Soup version 0.21-a0-504-g2eda330 (webtiles) character file.

32484 theanonym the Severer (level 13, -2/111 HPs)
             Began as a Demonspawn Fighter on Nov 26, 2017.
             Was a High Priest of Kikubaaqudgha.
             Slain by a blink frog (10 damage)
             ... on level 4 of the Lair of Beasts.
             The game lasted 00:43:27 (20656 turns).

theanonym the Severer (Demonspawn Fighter)         Turns: 20656, Time: 00:43:28

Health: -2/111     AC: 15    Str: 21    XL:     13   Next: 31%
Magic:  13/13      EV: 13    Int: 13    God:    Kikubaaqudgha [*****.]
Gold:   1092       SH: 11    Dex: 17    Spells: 7/12 levels left

rFire    . . .     SeeInvis +   a - +1 war axe
rCold    + . .     Gourm    .   x - +1 shield
rNeg     . . .     Faith    .   Q - +1 plate armour {rC+}
rPois    +         Spirit   .   (helmet restricted)
rElec    .         Reflect  .   u - +0 cloak
rCorr    .         Harm     .   (no gloves)
MR       +....                  K - +0 pair of boots
Stlth    ..........             h - amulet "Nudu" {+Rage +Inv MR+ Int+2}
HPRegen  0.28/turn              B - ring of see invisible {sInv}
MPRegen  0.13/turn              C - ring of poison resistance {rPois}

@: agile, repel missiles
A: horns 1, repulsion field 3, demonic guardian 2, powered by pain 3
a: Receive Corpses, Torment, Renounce Religion, Evoke Berserk Rage, Evoke
Invisibility


Innate Abilities, Weirdness & Mutations

You have a pair of small horns on your head.
You are surrounded by a strong repulsion field. (EV +4, RMsl)
A demonic guardian rushes to your aid.
You are powered by pain.


   Skills:
 + Level 13.3 Fighting
 - Level 16.0 Axes
 + Level 3.7 Armour
 + Level 3.7 Shields
 + Level 1.6 Necromancy


You had 7 spell levels left.
You knew the following spells:

 Your Spells              Type           Power        Failure   Level  Hunger
a - Corpse Rot            Necr           N/A          100%        2    ###....
r - Regeneration          Chrm/Necr      #.........   100%        3    ####...

Skill      XL: |  1  2  3  4  5  6  7  8  9 10 11 12 13 |
---------------+----------------------------------------+-----
Axes           | 2 3 4 5 7 9 10 12 14 15 16 | 16.0
Fighting       | 4 5 6 7 8 10 11 12 13 | 13.3
Armour         | 3 |  3.7
Shields        | 3 |  3.7
Necromancy     | 1 |  1.6

Action                   |  1- 3 |  4- 6 |  7- 9 | 10-12 | 13-15 || total
-------------------------+-------+-------+-------+-------+-------++-------
Melee: War axe           |   146 |   209 |   291 |   862 |   163 ||  1671
       Headbutt          |       |       |    41 |   204 |    49 ||   294
       Flail             |       |       |       |     1 |     1 ||     2
 Fire: Blowgun           |       |       |       |     8 |       ||     8
Throw: Tomahawk          |       |       |       |     3 |     7 ||    10
       Javelin           |       |       |       |       |     2 ||     2
 Abil: Evoke Flight      |       |       |     1 |       |       ||     1
Evoke: Wand              |       |     1 |     2 |     8 |     4 ||    15
  Use: Potion            |       |     1 |       |     2 |       ||     3
       Scroll            |       |       |    16 |     7 |     3 ||    26
 Stab: Distracted        |       |       |       |     2 |       ||     2
  Eat: Chunk             |     2 |     7 |    15 |    37 |     2 ||    63
       Fruit             |       |       |     1 |     7 |       ||     8
       Meat ration       |       |       |       |       |     1 ||     1
Armor: Scale mail        |    76 |    41 |       |       |       ||   117
       Chain mail        |       |    15 |   172 |   166 |       ||   353
       Plate armour      |       |       |       |   129 |    66 ||   195
Dodge: Dodged            |    62 |    64 |   101 |   239 |    29 ||   495
       Deflected         |       |       |       |     4 |     2 ||     6
Block: Shield            |    84 |    91 |   145 |   327 |    74 ||   721

Inventory:

Hand Weapons
 a - a +1 war axe (weapon)
 i - a +2 flail of draining
   (You took it off an orc on level 11 of the Dungeon)
 E - a +0 blowgun
   (You took it off Sonja on level 4 of the Lair of Beasts)
 Z - a +0 blowgun
   (You found it on level 3 of the Dungeon)
Missiles
 z - 58 poisoned needles
 L - 2 tomahawks of returning (quivered)
 N - 7 curare-tipped needles
 O - 5 javelins
 R - 8 silver tomahawks
 U - 8 needles of paralysis
Armour
 u - a +0 cloak (worn)
   (You found it on level 2 of the Dungeon)
 x - a +1 shield (worn)
 K - a +0 pair of boots (worn)
   (You found it on level 4 of the Dungeon)
 Q - a +1 plate armour of cold resistance (worn)
   (You took it off an orc warrior on level 12 of the Dungeon)
Jewellery
 h - the amulet "Nudu" (around neck) {+Rage +Inv MR+ Int+2}
   (You found it on level 8 of the Dungeon)

   [amulet of rage]

   It affects your intelligence (+2).
   It affects your resistance to hostile enchantments.
   It lets you turn invisible.
   It lets you go berserk.
 s - an uncursed ring of flight {+Fly}
   (You found it on level 2 of the Dungeon)
 B - a ring of see invisible (left hand) {sInv}
   (You found it on level 8 of the Dungeon)
 C - a ring of poison resistance (right hand) {rPois}
   (You found it on level 3 of the Dungeon)
 V - an uncursed ring of positive energy {rN+}
   (You found it on level 12 of the Dungeon)
Wands
 n - a wand of polymorph (26)
   (You found it on level 7 of the Dungeon)
 p - a wand of iceblast (10)
   (You found it on level 7 of the Dungeon)
 A - a wand of disintegration (6)
   (You found it on level 4 of the Dungeon)
 H - a wand of random effects (27)
   (You found it on level 10 of the Dungeon)
 S - a wand of enslavement (4)
   (You found it on level 1 of the Lair of Beasts)
Scrolls
 b - a scroll of blinking
 e - 7 scrolls of remove curse
 k - 2 scrolls of enchant armour
 r - a scroll of identify
 t - 5 scrolls of teleportation {!r}
 w - 2 scrolls of enchant weapon
 y - 3 scrolls of magic mapping {!r}
 T - 2 scrolls of fear {!r}
 W - a scroll of amnesia
Potions
 g - 6 potions of lignification
 j - 2 potions of invisibility
 m - 6 potions of ambrosia
 o - 2 potions of magic
 q - 3 potions of heal wounds
 v - 3 potions of flight
 F - 5 potions of brilliance
 G - 8 potions of curing
 I - 2 potions of might
 J - a potion of cancellation
 P - 3 potions of haste
 X - a potion of resistance
Books
 c - Kikubaaqudgha's Catalogue of Stolen Souls {god gift}
   (Kikubaaqudgha gifted it to you on level 9 of the Dungeon)

   Spells                             Type                      Level
   a - Pain                           Necromancy                   1
   b - Corpse Rot                     Necromancy                   2
   c - Sublimation of Blood           Necromancy                   2
   d - Regeneration                   Charms/Necromancy            3
   e - Control Undead                 Necromancy                   4
 M - Kikubaaqudgha's Catalogue of Darkness {god gift}
   (Kikubaaqudgha gifted it to you on level 11 of the Dungeon)

   Spells                             Type                      Level
   a - Bolt of Draining               Conjuration/Necromancy       5
   b - Agony                          Necromancy                   5
   c - Cigotuvi's Embrace             Necromancy                   5
   d - Dispel Undead                  Necromancy                   5
   e - Death Channel                  Necromancy                   6
 Y - a book of Conjurations
   (You found it on level 1 of the Lair of Beasts)

   Spells                             Type                      Level
   a - Magic Dart                     Conjuration                  1
   b - Searing Ray                    Conjuration                  2
   c - Dazzling Spray                 Conjuration/Hexes            3
   d - Fulminant Prism                Conjuration/Hexes            4
   e - Force Lance                    Conjuration/Translocation    4
   f - Iskenderun's Mystic Blast      Conjuration                  4
Comestibles
 d - 3 meat rations
 f - 11 bread rations
 l - 11 royal jellies

Dungeon Overview and Level Annotations

Branches:
Dungeon (12/15)            Temple (1/1) D:6            Lair (5/6) D:9
  Swamp (0/4) Lair:2        Slime (0/5) Lair:5          Orc (1/2) D:12
  Snake: Lair:2-4    Spider: Lair:2-4

Altars:
Ashenzari
Cheibriados
Dithmenos
Elyvilon
Fedhas
Gozag
Hepliaklqana
Kikubaaqudgha
Makhleb
Nemelex Xobeh
Okawaru
Qazlal
Ru
Sif Muna
Trog
Uskayaw
Vehumet
Wu Jian
Xom
Yredelemnul
Zin
The Shining One

Shops:
D:7 (

Annotations:
D:10 exclusion: door
Lair:3 exclusions: 4 electric eels and 2 more exclusions


You were on level 4 of the Lair of Beasts.
You worshipped Kikubaaqudgha.
Kikubaaqudgha was extremely pleased with you.
You were not hungry.

You visited 4 branches of the dungeon, and saw 19 of its levels.

You collected 1092 gold pieces.


Message History

You start resting.
Health restored: 111
Okay, then.
Okay, then.
Unknown command.
Found a pair of boots.
r - a scroll of identify
d - 3 meat rations (gained 1)
Found a scythe and a runed trident.
A komodo dragon and 2 blink frogs come into view.
The komodo dragon hisses angrily.
The blink frog croaks.
The blink frog gives a loud, deep croak!
There are monsters nearby!
Okay, then.
Unknown command.
The blink frog blinks!
A porcupine comes into view.
You block the blink frog's attack. The blink frog closely misses you.
You hit the blink frog. You headbutt the blink frog. The blink frog hits you!
The blink frog blinks!
You take 11 damage, and have 100/111 hp.
The blink frog blinks!
You hit the komodo dragon but do no damage.
Your headbutt misses the komodo dragon. You closely miss the komodo dragon.
The komodo dragon bites you but does no damage.
The blink frog blinks!
You hit the komodo dragon. Your headbutt misses the komodo dragon.
You are struck by the porcupine's spines.
You closely miss the porcupine.
The blink frog blinks!
You block the komodo dragon's attack. You block the porcupine's attack.
You take 10 damage, and have 91/111 hp.
You hit the komodo dragon.
You are struck by the porcupine's spines.
You closely miss the porcupine.
The komodo dragon bites you but does no damage.
You take 1 damage, and have 90/111 hp.
You barely miss the komodo dragon.
You headbutt the komodo dragon, but do no damage.
You slash the porcupine!
The porcupine bites you but does no damage.
You hit the porcupine. Your headbutt misses the porcupine.
You slash the komodo dragon! The porcupine bites you.
You block the komodo dragon's attack.
You take 4 damage, and have 86/111 hp.
Your shield and plate armour prevent you from hitting the porcupine.
Your headbutt misses the porcupine. You slash the komodo dragon!
The blink frog blinks!
You block the porcupine's attack.
The komodo dragon hisses menacingly.
The komodo dragon bites you!
You take 15 damage, and have 71/111 hp.
You are too injured to fight recklessly!
You are too injured to fight recklessly!
You hit the komodo dragon but do no damage.
You headbutt the komodo dragon, but do no damage.
Your plate armour prevents you from hitting the porcupine.
Your ice devil hits the blink frog!
Your ice devil freezes the blink frog!!
The blink frog dies!
Kikubaaqudgha accepts your kill. You block the porcupine's attack.
You block the komodo dragon's attack.
The blink frog hits you but does no damage.
You hit the komodo dragon.
You are struck by the porcupine's spines.
You slash the porcupine!
You kill the porcupine!
Kikubaaqudgha accepts your kill.
You hit the blink frog. You block the blink frog's attack.
The komodo dragon bites you!!
* * * LOW HITPOINT WARNING * * *
You focus on the pain.
You feel agile all of a sudden.
You take 34 damage, and have 37/111 hp.
MASSIVE DAMAGE!!
You hit the komodo dragon.
You headbutt the komodo dragon, but do no damage.
You closely miss the blink frog. You block the blink frog's attack.
You hit the komodo dragon but do no damage.
You headbutt the komodo dragon, but do no damage.
You miss the blink frog.
Your ice devil disappears in a puff of smoke!
You block the komodo dragon's attack. You block the blink frog's attack.
You slash the komodo dragon!
You headbutt the komodo dragon, but do no damage.
You miss the blink frog. You block the blink frog's attack.
You block the komodo dragon's attack.
You hit the komodo dragon. You miss the blink frog. The blink frog hits you!
* * * LOW HITPOINT WARNING * * *
You focus on the pain.
You feel more agile all of a sudden. You block the komodo dragon's attack.
You take 13 damage, and have 25/111 hp.
Your plate armour prevents you from hitting the komodo dragon.
You headbutt the komodo dragon, but do no damage.
You slash the blink frog! The blink frog closely misses you.
You block the blink frog's attack.
You barely miss the komodo dragon. You hit the blink frog.
The komodo dragon bites you!!
* * * LOW HITPOINT WARNING * * *
The blink frog hits you!
You die...
Kikubaaqudgha rasps: "You have failed me!
Welcome... death!"

###..####.###...........
..##.##...####P.P.......
#............##..........
.....####....###..........
.......#.......#...........
########......##.P..†.......
.P## #[...####.................
...# ######.###................
.####.##........@...............
................Fl.............
.............................#
.............................#P.
................................
.............................=..
............................##..
....>.|........................#
........ ....................#.#


You could see a komodo dragon and a blink frog.

Notes
Turn   | Place    | Note
-------+----------+-------------------------------------------
     0 | D:1      | theanonym the Demonspawn Fighter began the quest for the Orb.
     0 | D:1      | Reached XP level 1. HP: 18/18 MP: 1/1
    26 | D:1      | Reached skill level 2 in Axes
    81 | D:1      | HP: 8/18 [leopard gecko (2)]
    82 | D:1      | Gained mutation: You are surrounded by a mild repulsion field. (EV +2) [demonic ancestry]
    82 | D:1      | Reached XP level 2. HP: 10/24 MP: 2/2
   432 | D:1      | Gained mutation: You sometimes gain a little power by taking damage. [demonic ancestry]
   432 | D:1      | Reached XP level 3. HP: 20/29 MP: 3/3
   442 | D:1      | HP: 14/29 [kobold/club (3)]
   866 | D:1      | Reached skill level 3 in Axes
  1166 | D:2      | HP: 13/29 [leopard gecko (2)]
  1171 | D:2      | HP: 13/29 [jackal (1)]
  1458 | D:2      | Noticed Sigmund
  1460 | D:2      | Reached XP level 4. HP: 33/37 MP: 4/4
  1465 | D:2      | Killed Sigmund
  1465 | D:2      | Reached skill level 4 in Fighting
  1465 | D:2      | Reached skill level 4 in Axes
  1465 | D:2      | Gained mutation: A weak demonic guardian rushes to your aid. [demonic ancestry]
  1465 | D:2      | Reached XP level 5. HP: 40/43 MP: 5/5
  2094 | D:3      | Gained mutation: You are surrounded by a moderate repulsion field. (EV +3) [demonic ancestry]
  2094 | D:3      | Reached XP level 6. HP: 49/49 MP: 6/6
  2132 | D:3      | Found a sparkling altar of Nemelex Xobeh.
  2241 | D:3      | Found a sacrificial altar of Ru.
  2431 | D:3      | Noticed Natasha
  2439 | D:3      | Killed Natasha
  2486 | D:3      | Reached skill level 5 in Axes
  2884 | D:3      | Found a shattered altar of Ashenzari.
  2903 | D:3      | Noticed Terence
  2918 | D:3      | Killed Terence
  3230 | D:4      | Reached skill level 5 in Fighting
  3638 | D:4      | Reached XP level 7. HP: 43/56 MP: 7/7
  3838 | D:4      | Found a deep blue altar of Sif Muna.
  3970 | D:4      | Identified Sif Muna's Papyrus of Clay
  3970 | D:4      | Reached skill level 6 in Axes
  4400 | D:5      | Entered Level 5 of the Dungeon
  4449 | D:5      | Noticed Edmund
  4460 | D:5      | Killed Edmund
  4577 | D:5      | Noticed Dowan
  4579 | D:5      | Noticed Duvessa
  4598 | D:5      | Killed Duvessa
  4603 | D:5      | Killed Dowan
  4829 | D:5      | Noticed Pikel
  4848 | D:5      | Killed Pikel
  4848 | D:5      | Reached skill level 6 in Fighting
  4848 | D:5      | Reached skill level 7 in Axes
  4848 | D:5      | Gained mutation: You have a pair of small horns on your head. [demonic ancestry]
  4848 | D:5      | Reached XP level 8. HP: 42/65 MP: 8/8
  4856 | D:5      | Reached skill level 8 in Axes
  5144 | D:5      | Found a stormy altar of Qazlal.
  5146 | D:5      | Found a burning altar of Makhleb.
  5660 | D:5      | Found a sparkling altar of Nemelex Xobeh.
  5752 | D:5      | Noticed Eustachio
  5759 | D:5      | Reached skill level 7 in Fighting
  5765 | D:5      | Killed Eustachio
  5841 | D:6      | Killed Natasha
  5985 | D:6      | Found a snail-covered altar of Cheibriados.
  5997 | D:6      | Noticed Natasha
  6002 | D:6      | Killed Natasha
  6002 | D:6      | Reached skill level 9 in Axes
  6036 | D:6      | Gained mutation: You sometimes gain power by taking damage. [demonic ancestry]
  6036 | D:6      | Reached XP level 9. HP: 62/72 MP: 9/9
  6148 | D:6      | Found a staircase to the Ecumenical Temple.
  6256 | Temple   | Entered the Ecumenical Temple
  6432 | Temple   | Became a worshipper of Kikubaaqudgha
  6848 | D:7      | Found Zeol's Antique Weapon Boutique.
  7426 | D:7      | Reached skill level 8 in Fighting
  7515 | D:7      | Found a basalt altar of Yredelemnul.
  8109 | D:8      | Reached skill level 10 in Axes
  8231 | D:8      | Got a brightly glowing bronze amulet
  8276 | D:8      | HP: 32/75 [wyvern (12)]
  8293 | D:8      | HP: 15/75 [black bear (6)]
  8622 | D:8      | Noticed a two-headed ogre
  8630 | D:8      | Killed a two-headed ogre
  8665 | D:8      | Gained mutation: You are surrounded by a strong repulsion field. (EV +4, RMsl) [demonic ancestry]
  8665 | D:8      | Reached XP level 10. HP: 53/82 MP: 10/10
  8665 | D:8      | Reached skill level 9 in Fighting
  8676 | D:8      | HP: 41/83 [hippogriff (6)]
  8677 | D:8      | Reached skill level 11 in Axes
  9462 | D:9      | Reached * piety under Kikubaaqudgha
  9462 | D:9      | Identified Kikubaaqudgha's Catalogue of Stolen Souls {god gift} (Kikubaaqudgha gifted it to you on level 9 of the Dungeon)
  9462 | D:9      | Received a gift from Kikubaaqudgha
  9467 | D:9      | Learned a level 3 spell: Regeneration
  9470 | D:9      | Learned a level 2 spell: Corpse Rot
  9573 | D:9      | Identified the amulet "Nudu" {+Rage +Inv MR+ Int+2} (You found it on level 8 of the Dungeon)
 10017 | D:9      | Found a staircase to the Lair.
 10460 | D:10     | Entered Level 10 of the Dungeon
 10566 | D:10     | Noticed an unseen horror
 10567 | D:10     | Noticed an unseen horror
 10578 | D:10     | Killed an unseen horror
 10578 | D:10     | Reached skill level 12 in Axes
 10592 | D:10     | Killed an unseen horror
 10592 | D:10     | Reached skill level 10 in Fighting
 10729 | D:10     | Noticed a centaur warrior
 10744 | D:10     | Noticed a brown ugly thing
 10747 | D:10     | Killed a centaur warrior
 10747 | D:10     | Gained mutation: A demonic guardian rushes to your aid. [demonic ancestry]
 10747 | D:10     | Reached XP level 11. HP: 64/91 MP: 11/11
 10755 | D:10     | HP: 39/91 [acid (8)]
 10756 | D:10     | Killed a brown ugly thing
 10756 | D:10     | Reached ** piety under Kikubaaqudgha
 10876 | D:10     | Noticed a deep elf mage
 11308 | D:10     | Noticed a deep elf mage
 11314 | D:10     | Killed a deep elf mage
 11483 | D:10     | Reached skill level 13 in Axes
 11839 | D:10     | Noticed 4thArraOfDagon's ghost (journeyman BaAE)
 11954 | D:10     | Noticed an unseen horror
 11958 | D:10     | Killed an unseen horror
 12012 | D:10     | Killed a deep elf mage
 12162 | D:10     | Killed 4thArraOfDagon's ghost
 12162 | D:10     | Reached skill level 11 in Fighting
 12427 | D:11     | Reached *** piety under Kikubaaqudgha
 12427 | D:11     | Identified Kikubaaqudgha's Catalogue of Darkness {god gift} (Kikubaaqudgha gifted it to you on level 11 of the Dungeon)
 12427 | D:11     | Received a gift from Kikubaaqudgha
 12713 | D:11     | Noticed a two-headed ogre
 12722 | D:11     | Killed a two-headed ogre
 13375 | D:12     | Reached skill level 14 in Axes
 13475 | D:12     | Noticed an unseen horror
 13486 | D:12     | Killed an unseen horror
 13571 | D:12     | Reached XP level 12. HP: 100/101 MP: 0/12
 13705 | D:12     | Reached **** piety under Kikubaaqudgha
 13968 | D:12     | HP: 49/101 [komodo dragon (4)]
 14661 | D:12     | Found a staircase to the Orcish Mines.
 14782 | D:12     | Found a snail-covered altar of Cheibriados.
 14897 | Orc:1    | Entered Level 1 of the Orcish Mines
 14897 | Orc:1    | Noticed an ogre mage
 14897 | Orc:1    | Noticed a two-headed ogre
 14897 | Orc:1    | Noticed a two-headed ogre
 14897 | Orc:1    | Noticed a two-headed ogre
 14897 | Orc:1    | Noticed a two-headed ogre
 14910 | D:12     | Killed an ogre mage
 14910 | D:12     | Reached skill level 12 in Fighting
 15057 | Lair:1   | Entered Level 1 of the Lair of Beasts
 15059 | Lair:1   | Noticed a four-headed hydra
 15066 | Lair:1   | Killed a four-headed hydra
 15381 | Lair:1   | Noticed 4thArraOfDagon's ghost (weakling BaFE)
 15449 | Lair:1   | Killed 4thArraOfDagon's ghost
 15743 | Lair:1   | Reached skill level 15 in Axes
 15758 | Lair:1   | Noticed an eight-headed hydra
 15765 | Lair:1   | Killed an eight-headed hydra
 16507 | Lair:2   | HP: 51/103 [blink frog (3)]
 17163 | Lair:2   | Found a staircase to the Swamp.
 17964 | Lair:2   | HP: 49/103 [elephant (12)]
 18856 | Lair:3   | HP: 51/103 [poisoned by a black mamba]
 19227 | Lair:3   | Gained mutation: You are powered by pain. [demonic ancestry]
 19227 | Lair:3   | Reached XP level 13. HP: 95/109 MP: 13/13
 19234 | Lair:3   | Reached ***** piety under Kikubaaqudgha
 19262 | Lair:3   | Reached skill level 13 in Fighting
 19744 | Lair:3   | You fall through a shaft for 2 floors!
 19818 | Lair:5   | Reached skill level 16 in Axes
 19966 | Lair:4   | Noticed Sonja
 19991 | Lair:4   | Killed Sonja
 19991 | Lair:4   | Reached skill level 3 in Armour
 19991 | Lair:4   | Reached skill level 3 in Shields
 20366 | Lair:4   | Reached skill level 1 in Necromancy
 20649 | Lair:4   | HP: 37/111 [komodo dragon (27)]
 20656 | Lair:4   | HP: 8/111 [komodo dragon (18)]
 20656 | Lair:4   | Slain by a blink frog

Vanquished Creatures
  A hydra (Lair:3)
  A centaur warrior (D:10)
  2 two-headed ogres
  An ogre mage (D:12)
  4 unseen horrors
  A swamp dragon (Lair:2)
  Pikel (D:5)
  An ugly thing (D:10)
  A cyclops (D:10)
  12 elephants
  3 black mambas
  3 centaur skeletons
  2 spiny frogs (Lair:1)
  5 komodo dragons
  A harpy zombie (D:11)
  A polar bear (Lair:5)
  2 trolls (D:12)
  A slime creature (D:12)
  3 blink frogs (Lair:2)
  2 hippogriffs
  Sigmund (D:2)
  2 shadows
  A spriggan (D:8)
  3 wraiths
  8 yaks
  Eustachio (D:5)
  A basilisk (Lair:3)
  3 hungry ghosts
  A steam dragon (D:12)
  A soldier ant (D:10)
  4 water moccasins
  Duvessa (D:5)
  10 porcupines
  3 black bears
  3 orc warriors
  A swamp drake (D:12)
  2 ice beasts
  A slave (D:5)
  2 necrophages
  2 sky beasts
  3 eyes of draining
  4 centaurs
  3 wolves (Lair:4)
  6 ogres
  9 crocodiles
  11 bullfrogs
  A gnoll sergeant (D:8)
  Dowan (D:5)
  A water moccasin zombie (D:6)
  4 scorpions
  8 killer bees (D:10)
  An electric eel (Lair:2)
  3 howler monkeys
  A bullfrog zombie (D:12)
  4 crimson imps
  3 quasits
  2 centaur zombies
  A jelly (D:11)
  6 orc priests
  A bullfrog skeleton (D:9)
  5 hounds
  8 iguanas
  Natasha (twice) (D:3 D:6)
  Terence (D:3)
  13 orc wizards
  5 worker ants
  The ghost of 4thArraOfDagon the Firebug, a weakling BaFE (Lair:1)
  A hound zombie (D:10)
  A hound skeleton (D:10)
  A howler monkey zombie (D:6)
  12 gnolls
  16 adders
  6 shadow imps
  2 oozes (D:1)
  An adder skeleton (D:4)
  8 worms
  6 dart slugs
  3 leopard geckos
  56 orcs
  A ball python (D:5)
  10 giant cockroaches
  7 goblins
  6 hobgoblins
  5 jackals (D:2)
  2 quokkas
  6 bats
  6 frilled lizards
  A jackal zombie (D:6)
  10 kobolds
  A leopard gecko skeleton (D:4)
  A leopard gecko zombie (D:8)
  2 quokka zombies
  10 rats
  3 fungi
391 creatures vanquished.

Vanquished Creatures (collateral kills)
  2 hydras (Lair:1)
  The ghost of 4thArraOfDagon the Stormcaller, a journeyman BaAE of Vehumet (D:10)
  Sonja (Lair:4)
  2 deep elf magi (D:10)
  A manticore (D:12)
  A cyclops (D:11)
  A centaur zombie (D:12)
  An elephant (Lair:4)
  A rime drake (Lair:1)
  A spiny frog (Lair:2)
  A hornet (D:10)
  4 slime creatures (D:12)
  2 blink frogs
  A wyvern (D:8)
  2 yaks (Lair:2)
  Edmund (D:5)
  A porcupine (Lair:1)
  A black bear (D:8)
  A sky beast (D:5)
  A slave (D:5)
  An ice beast (D:7)
  A necrophage (D:11)
  2 wolves (Lair:4)
  A crocodile (Lair:4)
  3 bullfrogs
  3 hounds
  3 orc wizards
  4 orcs
  A leopard gecko skeleton (D:4)
  A quokka zombie (D:10)
  A fungus (D:9)
48 creatures vanquished.

Vanquished Creatures (others)
  A water moccasin (Lair:4)
  A slave (D:5)
  2 crocodiles (Lair:2)
  Natasha (D:6)
  An adder (D:5)
  7 fungi
  10 plants
23 creatures vanquished.

Grand Total: 462 creatures vanquished
